 Dungeon Sprint DCSS version 0.28-a0-239-g68911e0c57 (webtiles) character file.

Game seed: 7610917342681628205

9930 MikeHunt the Destroyer (level 11, -10/92 HPs)
             Began as a Human Conjurer on Aug 23, 2021.
             Was the Champion of Vehumet.
             Mangled by a death cob (28 damage)
             ... in the Dungeon (Sprint VII: "The Pits").
             The game lasted 00:16:05 (2804 turns).

MikeHunt the Destroyer (Human Conjurer)             Turns: 2804, Time: 00:16:05

Health: -10/92     AC:  4    Str:  7    XL:     11   Next: 83%
Magic:  27/27      EV: 16    Int: 29    God:    Vehumet [******]
Gold:   0          SH:  0    Dex: 14    Spells: 9/35 levels left

rFire   . . .      SeeInvis .   o - +2 scimitar of Ymit {speed, Dex+3}
rCold   . . .      Faith    .   (no shield)
rNeg    . . .      Spirit   .   d - +0 troll leather armour
rPois   .          Reflect  .   (no helmet)
rElec   .          Harm     .   (no cloak)
rCorr   .          Rampage  .   (no gloves)
Will    .....      NoTele   +   (no boots)
Stlth   ++........              (no amulet)
HPRegen 1.25/turn               g - +3 ring of intelligence
MPRegen 0.20/turn               l - +3 ring of intelligence

@: very slightly contaminated, slowed, very slow
A: no striking features
a: Renounce Religion


You were in the Dungeon.
You worshipped Vehumet.
Vehumet was exalted by your worship.
You visited 1 branch

Inventory:

Hand Weapons
 h - a +2 dagger
 k - a +1 dagger of electrocution
 o - the +2 scimitar of Ymit (weapon) {speed, Dex+3}
   (You found it in the Dungeon)

   Attacks with this weapon are significantly faster.
   Dex:       It affects your dexterity (+3).
Armour
 a - a +0 robe
 d - a +0 troll leather armour (worn)
 j - a +3 ring mail
Jewellery
 g - a +3 ring of intelligence (left hand)
 l - a +3 ring of intelligence (right hand)
Potions
 b - 8 potions of curing
 c - 6 potions of heal wounds
 e - 2 potions of magic
 f - 6 potions of berserk rage
 i - 2 potions of invisibility
 m - a potion of brilliance
 n - a potion of mutation


   Skills:
 - Level 10.5 Fighting
 - Level 10.7 Dodging
 - Level 2.0 Stealth
 + Level 12.7 Spellcasting
 + Level 12.9 Conjurations
 - Level 6.1 Transmutations
 + Level 7.4 Fire Magic
 - Level 12.0 Ice Magic


You had 9 spell levels left.
You knew the following spells:

 Your Spells              Type           Power      Damage    Failure   Level
a - Magic Dart            Conj           100%       1d8       0%          1
b - Poisonous Vapours     Pois/Air       36%        N/A       1%          2
c - Frozen Ramparts       Ice            100%       1d12      1%          3
d - Iskenderun's Mystic   Conj/Tloc      54%        2d12      1%          4
f - Fireball              Conj/Fire      33%        3d14      1%          5
r - Searing Ray           Conj           100%       3d7       1%          2
t - Fulminant Prism       Conj/Hex       27%        3d14      1%          4
w - Irradiate             Conj/Tmut      32%        3d24      1%          5

Your spell library contained the following spells:

 Spells                   Type           Power      Damage    Failure   Level
 Polar Vortex             Ice            36%        N/A       99%         9
 Maxwell's Capacitive Co  Air            9%         ∞         100%        8
 Fire Storm               Conj/Fire      33%        8d9       100%        9
 Dazzling Flash           Conj/Hex       100%       N/A       1%          3


Dungeon Overview and Level Annotations

Branches:
Dungeon (1/1)

Altars:
Ashenzari
Cheibriados
Dithmenos
Elyvilon
Fedhas
Gozag
Hepliaklqana
Kikubaaqudgha
Makhleb
Nemelex Xobeh
Okawaru
Qazlal
Ru
Sif Muna
Trog
Uskayaw
Vehumet
Wu Jian
Xom
Yredelemnul
Zin
The Shining One
Beogh
Jiyva
Lugonu


Message History

The freezing wraith is severely damaged.
Casting: Fireball (mildly dangerous; 1% risk of failure)
Confirm with . or Enter, or press ? or * to list all spells.
Aiming: Fireball (mildly dangerous; 1% risk of failure)
Press: ? - help, Shift-Dir - straight line, f/p - death cob
Aim: a death cob (lightly damaged)
The fireball explodes!
The fireball engulfs the death cob!
The death cob is moderately damaged.
A tarantella comes into view.
The death cob closely misses you.
There is an open door here.
You see here a +0 flail.
The death cob hits you. The death cob hits you!!
The death cob drains your vigour!
You feel yourself slow down. The death cob barely misses you.
You riposte.
You hit the death cob.
The death cob is moderately damaged.
Magic courses through your body. The death cob hits you!!
The death cob drains your vigour!
You feel as though you will be slow longer.
The death cob hits you but does no damage. x2
The death cob hits you!!
* * * LOW HITPOINT WARNING * * *
The death cob barely misses you. The death cob hits you.
* * * LOW HITPOINT WARNING * * *
The death cob drains your vigour!
You feel as though you will be slow longer.
There is an open door, spattered with blood here.
You aren't carrying any scrolls.
Press: ? - help, v - describe, . - travel
Here: a death cob (moderately damaged)
The floor, spattered with blood.
Unknown command.
Unknown command.
You feel much better. The death cob hits you!!
* * * LOW HITPOINT WARNING * * *
The death cob drains your vigour!
You feel as though you will be slow longer.
The death cob hits you!!
You die...

#))#####'#####†'######
#).##.......##''############## #
#))##.......##.÷....#...'....###.
#.[##.......##....###...###...#..
#'###...<...##...##.'...'.##.....
...##.......##..##..##'##..##...#
...##)......##..#..##...##..'...#
#####.......##..#).#.....#).#...#
#..###########..@zsW)....†..'...'
#.############..#..#.....#..#...#
#)#....#..[[##..#..##...##..'...#
#†#....#..[[##..##.)##'##..##...#
#.)....'..))##...##.'...'.##.....
#)#....#..))##....###...###...#..
'.#....#..).##......#...'....###.
############################# ##


You could see a death cob, a freezing wraith and a tarantella.

Vanquished Creatures
  A hydra (D)
  A great orb of eyes (D)
  A catoblepas (D)
  An orc high priest (D)
  A flayed ghost (D)
  An orc knight (D)
  A rust devil (D)
  A smoke demon (D)
  A kobold demonologist (D)
  An ice devil (D)
  A troll (D)
  2 jumping spiders (D)
  A spriggan (D)
  A ynoxinul (D)
  A basilisk (D)
  5 yaks (D)
  8 vampire mosquitoes (D)
  3 wargs (D)
  4 orc warriors (D)
  2 black bears (D)
  An ice beast (D)
  A wolf (D)
  A necrophage (D)
  An ogre (D)
  A phantom (D)
  2 bullfrogs (D)
  A scorpion (D)
  15 killer bees (D)
  5 wights (D)
  A crimson imp (D)
  A quasit (D)
  An orc priest (D)
  A gnoll (D)
  2 river rats (D)
  An adder (D)
  7 orcs (D)
  An endoplasm (D)
  2 goblins (D)
  A quokka (D)
  2 ball pythons (D)
  2 ball python skeletons (D)
  2 frilled lizards (D)
  A quokka zombie (D)
91 creatures vanquished.

Vanquished Creatures (others)
  13 fulminant prisms (D)
13 creatures vanquished.

Grand Total: 104 creatures vanquished

Notes
Turn   | Place    | Note
-------+----------+-------------------------------------------
     0 | D        | MikeHunt the Human Conjurer began the quest for the Orb.
     0 | D        | Reached XP level 1. HP: 13/13 MP: 3/3
    27 | D        | Found a glowing golden altar of the Shining One.
    27 | D        | Found a glowing silver altar of Zin.
    27 | D        | Found a basalt altar of Yredelemnul.
    27 | D        | Found a shimmering altar of Xom.
    27 | D        | Found an ornate altar of the Wu Jian Council.
    27 | D        | Found a bloodstained altar of Trog.
    27 | D        | Found a shimmering blue altar of Sif Muna.
    27 | D        | Found a sacrificial altar of Ru.
    27 | D        | Found a stormy altar of Qazlal.
    27 | D        | Found an iron altar of Okawaru.
    27 | D        | Found a sparkling altar of Nemelex Xobeh.
    27 | D        | Found a burning altar of Makhleb.
    27 | D        | Found a viscous altar of Jiyva.
    27 | D        | Found a hazy altar of Hepliaklqana.
    27 | D        | Found an opulent altar of Gozag.
    27 | D        | Found a blossoming altar of Fedhas.
    27 | D        | Found a white marble altar of Elyvilon.
    27 | D        | Found a shadowy altar of Dithmenos.
    27 | D        | Found a snail-covered altar of Cheibriados.
    28 | D        | Found a radiant altar of Vehumet.
    28 | D        | Found a corrupted altar of Lugonu.
    29 | D        | Found a hide-covered altar of Uskayaw.
    29 | D        | Found an ancient bone altar of Kikubaaqudgha.
    29 | D        | Found a broken altar of Ashenzari.
    36 | D        | Became a worshipper of Vehumet
    93 | D        | Reached skill level 5 in Conjurations
    93 | D        | Reached XP level 2. HP: 10/19 MP: 0/6
   104 | D        | Learned a level 2 spell: Searing Ray
   289 | D        | Reached * piety under Vehumet
   289 | D        | Offered knowledge of Sandblast by Vehumet.
   320 | D        | Noticed a bullfrog
   326 | D        | Reached ** piety under Vehumet
   368 | D        | Killed a bullfrog
   369 | D        | Reached skill level 5 in Spellcasting
   369 | D        | Reached XP level 3. HP: 24/24 MP: 3/10
   369 | D        | Reached XP level 4. HP: 30/30 MP: 3/11
   485 | D        | Offered knowledge of Freeze by Vehumet.
   487 | D        | Reached *** piety under Vehumet
   498 | D        | Reached XP level 5. HP: 27/35 MP: 5/14
   532 | D        | Reached XP level 6. HP: 36/41 MP: 3/16
   631 | D        | Offered knowledge of Poisonous Vapours by Vehumet.
   631 | D        | Reached **** piety under Vehumet
   701 | D        | Noticed a black bear
   703 | D        | Noticed a warg
   715 | D        | Killed a black bear
   716 | D        | Reached skill level 5 in Dodging
   716 | D        | Reached XP level 7. HP: 24/55 MP: 15/18
   718 | D        | Killed a warg
   719 | D        | Reached skill level 5 in Fighting
   809 | D        | Learned a level 2 spell: Poisonous Vapours
   814 | D        | Learned a level 4 spell: Fulminant Prism
   826 | D        | Offered knowledge of Inner Flame by Vehumet.
  1071 | D        | Offered knowledge of Frozen Ramparts by Vehumet.
  1071 | D        | Reached ***** piety under Vehumet
  1077 | D        | Learned a level 3 spell: Frozen Ramparts
  1078 | D        | Noticed a spriggan
  1083 | D        | Killed a spriggan
  1083 | D        | Offered knowledge of Fireball by Vehumet.
  1084 | D        | Reached XP level 8. HP: 51/68 MP: 15/20
  1195 | D        | Noticed a flayed ghost
  1203 | D        | Killed a flayed ghost
  1204 | D        | Reached skill level 10 in Dodging
  1216 | D        | Reached skill level 10 in Fighting
  1216 | D        | Reached XP level 9. HP: 68/78 MP: 15/21
  1229 | D        | Learned a level 4 spell: Iskenderun's Mystic Blast
  1236 | D        | Learned a level 5 spell: Fireball
  1306 | D        | Got the +2 scimitar of Ymit {speed, Dex+3}
  1356 | D        | Noticed a jumping spider
  1371 | D        | Killed a jumping spider
  1371 | D        | Offered knowledge of Freezing Cloud by Vehumet.
  1390 | D        | Reached skill level 10 in Spellcasting
  1579 | D        | Noticed a kobold demonologist
  1581 | D        | Noticed an ice devil
  1582 | D        | Killed a kobold demonologist
  1583 | D        | Noticed a jumping spider
  1587 | D        | Killed a jumping spider
  1587 | D        | Offered knowledge of Ozocubu's Refrigeration by Vehumet.
  1594 | D        | Noticed an orc high priest
  1600 | D        | Reached XP level 10. HP: 86/86 MP: 19/25
  1602 | D        | Noticed a soul eater
  1619 | D        | Killed an orc high priest
  1745 | D        | Reached ****** piety under Vehumet
  1766 | D        | Noticed a smoke demon
  1771 | D        | Noticed an orc knight
  1771 | D        | Noticed an ice devil
  1796 | D        | Offered knowledge of Irradiate by Vehumet.
  1796 | D        | Killed a smoke demon
  1804 | D        | Learned a level 5 spell: Irradiate
  1820 | D        | Killed an orc knight
  1841 | D        | Killed an ice devil
  2088 | D        | Offered knowledge of Bolt of Magma by Vehumet.
  2098 | D        | Reached skill level 1 in Transmutations
  2264 | D        | Reached skill level 10 in Conjurations
  2264 | D        | Reached XP level 11. HP: 83/92 MP: 21/26
  2267 | D        | Noticed a catoblepas
  2314 | D        | Offered knowledge of Starburst by Vehumet.
  2327 | D        | Killed a catoblepas
  2328 | D        | Reached skill level 5 in Transmutations
  2399 | D        | Noticed a four-headed hydra
  2405 | D        | Killed a four-headed hydra
  2418 | D        | Reached skill level 5 in Fire Magic
  2549 | D        | Offered knowledge of Conjure Ball Lightning by Vehumet.
  2593 | D        | Noticed a great orb of eyes
  2767 | D        | Paralysed by a great orb of eyes for 2 turns
  2769 | D        | Killed a great orb of eyes
  2780 | D        | Noticed a cyclops
  2783 | D        | Offered knowledge of Fire Storm by Vehumet.
  2783 | D        | Offered knowledge of Polar Vortex by Vehumet.
  2783 | D        | Offered knowledge of Maxwell's Capacitive Coupling by
                  | Vehumet.
  2796 | D        | Noticed a death cob
  2804 | D        | Mangled by a death cob

Illustrated notes

Levels and vault maps discovered:
D:        pitsprint [storerooms_1, entrance_room_1, metal_vault_6, armoury_1,
          mini_pit_1, grid_room_1, main_hall_1, silver_pit, the_coven_2,
          the_vestibule_1, steel_vault_4, golden_pit, hallway_of_sentries,
          crystal_vault_1, iron_vault_2, final_vault]

Skill      XL: |  1  2  3  4  5  6  7  8  9 10 11 |
---------------+----------------------------------+-----
Spellcasting   | 3 5 6 7 8 11 12 | 12.7
Conjurations   | 5 7 9 10 12 | 12.9
Fighting       | 4 7 10 | 10.5
Dodging        | 5 8 10 | 10.7
Fire Magic     | 2 7 |  7.4
Ice Magic      | 3 12 | 12.0
Transmutations | 2 6 |  6.1
Stealth        | |  2.0

Action                   |  1- 3 |  4- 6 |  7- 9 | 10-12 || total
-------------------------+-------+-------+-------+-------++-------
Melee: Dagger            |     3 |       |       |       ||     3
       Scimitar          |       |       |       |     4 ||     4
 Cast: Magic Dart        |     9 |     1 |     2 |    10 ||    22
       Searing Ray       |     3 |     7 |    16 |    33 ||    59
       Fulminant Prism   |       |       |     2 |    11 ||    13
       Fireball          |       |       |     2 |    10 ||    12
       Poisonous Vapours |       |       |       |     2 ||     2
       Frozen Ramparts   |       |       |       |     1 ||     1
       Irradiate         |       |       |       |     3 ||     3
       Iskenderun's Myst |       |       |       |     1 ||     1
  Use: Potion            |     1 |     1 |       |     4 ||     6
       Scroll            |       |       |     1 |       ||     1
Armor: Robe              |       |     1 |       |       ||     1
       Troll leather arm |       |       |       |     7 ||     7
Dodge: Dodged            |     6 |     4 |    16 |    63 ||    89
       Rpst.: Scimitar   |       |       |     4 |    22 ||    26

Table legend: (Time is in decaauts)
 A = Elapsed time spent in this place.
 B = Non-inter-level travel time spent in this place.
 C = Inter-level travel time spent in this place.
 D = Time resting spent in this place.
 E = Time spent auto-exploring this place.
 F = Levels seen in this place.
 G = Mean time per level.
                   A        B        C        D        E       F      G
               +--------+--------+--------+--------+--------+-----+--------+
         Total |   2798 |   2764 |     34 |   1665 |      0 |   1 | 2798.0 |
       Dungeon |   2798 |   2764 |     34 |   1665 |      0 |   1 | 2798.0 |
               +--------+--------+--------+--------+--------+-----+--------+

Top non-repeatable levels by time:
       D: 2798 daAuts
